 Dungeon Crawl Stone Soup version 0.31.0-12-g77e489cdc1 (webtiles) character file.

Game seed: 12157492066430975201

11 Bobsterar the Grave Robber (level 2, -1/19 HPs)
             Began as a Mummy Necromancer on Mar 6, 2024.
             Slain by a jackal (3 damage)
             ... on level 1 of the Dungeon.
             The game lasted 00:07:39 (244 turns).

Bobsterar the Grave Robber (Mummy Necromancer)       Turns: 244, Time: 00:07:40

Health: -1/19      AC:  2    Str: 11    XL:     2   Next: 13%
Magic:  1/5        EV: 12    Int: 14    God:
Gold:   15         SH:  0    Dex: 12    Spells: 5/6 levels left

rFire   x . .        (no weapon)
rCold   + . .        (no shield)
rNeg    + + +        a - +0 robe
rPois   ∞            (no helmet)
rElec   .            (no cloak)
rCorr   .            (no gloves)
SInv    .            (no boots)
Will    .....        (no amulet)
Stlth   ++           (no ring)
HPRegen 0.23/turn    (no ring)
MPRegen 0.09/turn

%: faith
@: no status effects
A: cold resistance 1, negative energy resistance 3, torment resistance 2, heat
vulnerability 1, in touch with death 1, no potions, faith
a: no special abilities


You were on level 1 of the Dungeon.
You visited 1 branch of the dungeon, and saw 1 of its levels.

You collected 15 gold pieces.

Inventory:

Armour
 a - a +0 robe (worn)


   Skills:
 + Level 1.5 Dodging
 + Level 1.6 Stealth
 + Level 2.8 Spellcasting
 + Level 4.4 Necromancy


You had 5 spell levels left.
You knew the following spells:

 Your Spells              Type           Power      Damage    Failure   Level
a - Necrotise             Necr           84%        1d8       3%          1

Your spell library contained the following spells:

 Spells                   Type           Power      Damage    Failure   Level
 Vampiric Draining        Necr           21%        2d7       11%         3
 Summon Small Mammal      Summ           4%         N/A       22%         1
 Animate Dead             Necr           21%        N/A       34%         4
 Call Canine Familiar     Summ           1%         N/A       54%         3
 Curse of Agony           Necr           21%        N/A       69%         5
 Summon Blazeheart Golem  Fire/Summ      1%         N/A       91%         4


Dungeon Overview and Level Annotations

Branches:
Dungeon (1/15)

Altars:


Innate Abilities, Weirdness & Mutations

You are immune to poison.
Your flesh is cold resistant. (rC+)
You are immune to negative energy. (rN+++)
You are immune to unholy pain and torment.
You are vulnerable to heat. (rF-)
You are in touch with the powers of death.
You do not drink.
You have a special connection with the divine. (Faith)


Message History

The jackal is almost dead.
The jackal barely misses you. The jackal bites you.
Your jackal skeleton barely misses the jackal.
Your jackal skeleton closely misses the jackal.
The jackal bites you. The jackal barely misses you.
You are too injured to fight recklessly!
You are too injured to fight recklessly!
You are too injured to fight recklessly!
You are too injured to fight recklessly!
You are too injured to fight recklessly!
Your jackal skeleton bites the jackal but does no damage.
Your jackal skeleton closely misses the jackal.
The jackal attacks as it pursues you!
The jackal bites you but does no damage.
The jackal attacks as it pursues you! The jackal misses you.
The jackal attacks as it pursues you! The jackal completely misses you.
The jackal misses you. The jackal closely misses you.
Your jackal skeleton crumbles into dust!
The jackal attacks as it pursues you! The jackal barely misses you.
The jackal attacks as it pursues you! The jackal closely misses you.
The jackal attacks as it pursues you! The jackal bites you.
The jackal attacks as it pursues you! The jackal closely misses you.
Found 4 gold pieces.
The jackal attacks as it pursues you! The jackal misses you.
The jackal bites you.
* * * LOW HITPOINT WARNING * * *
The jackal barely misses you.
Your jackal skeleton bites the jackal but does no damage.
The jackal attacks as it pursues you! The jackal barely misses you.
The jackal attacks as it pursues you! The jackal barely misses you.
Casting: Necrotise (safe; 3% risk of failure)
Confirm with . or Enter, or press ? or * to list all spells.
Aiming: Necrotise (safe; 3% risk of failure)
Press: ? - help, Shift-Dir - straight line, f/p - jackal
Aim: a jackal (almost dead, chance to affect: 90%)
You feel a surge of power!
The jackal writhes in agony.
You kill the jackal!
The dead are walking!
The jackal bites you.
* * * LOW HITPOINT WARNING * * *
Your jackal skeleton bites the jackal.
The jackal bites you.
You die...

#...................##
#...................##
#.>....####...........
###......#
#.....####..
.........# #.......
... .........#
####........
........Z# ........
......Z.h# .......
.......@.#
...#####....... ...
....... .. ....$..
..##### ###


You could see a jackal (ally target) and 2 friendly jackal skeletons.

Vanquished Creatures
  A bat (D:1)
  2 giant cockroaches (D:1)
  A goblin (D:1)
  3 jackals (D:1)
  A ball python (D:1)
  2 frilled lizards (D:1)
  A rat (D:1)
11 creatures vanquished.

Notes
Turn   | Place    | Note
-------+----------+-------------------------------------------
     0 | D:1      | Bobsterar the Mummy Necromancer began the quest for the
                  | Orb.
     0 | D:1      | Reached XP level 1. HP: 13/13 MP: 4/4
   187 | D:1      | Reached XP level 2. HP: 17/19 MP: 3/5
   244 | D:1      | Slain by a jackal

Illustrated notes

Levels and vault maps discovered:
D:1:      nicolae_arrival_washed_ashore, layout_basic

Action                     || total
---------------------------++-------
  Melee: Unarmed           ||     9
   Cast: Necrotise         ||    17
 Armour: Robe              ||    18
  Dodge: Dodged            ||    30
